 Dungeon Crawl Stone Soup version 0.22.2-1-ge965b3a (webtiles) character file.

35 AarnesTheHuman the Skirmisher (level 3, -7/33 HPs)
             Began as a Minotaur Berserker on July 24, 2019.
             Was a Follower of Jiyva.
             Mangled by a black bear (11 damage)
             ... created by the rage of Trog
             ... on level 2 of the Dungeon.
             The game lasted 00:07:49 (2019 turns).

AarnesTheHuman the Skirmisher (Minotaur Berserker)  Turns: 2019, Time: 00:07:50

Health: -7/33      AC:  2    Str: 22    XL:     3   Next: 16%
Magic:  2/2        EV: 12    Int:  4    God:    Jiyva [*.....]
Gold:   80         SH:  0    Dex:  9    Spells: 2/2 levels left

rFire    . . .     SeeInvis .   e - +3 short sword
rCold    . . .     Gourm    .   (no shield)
rNeg     . . .     Faith    .   a - +0 animal skin
rPois    .         Spirit   .   (helmet restricted)
rElec    .         Reflect  .   (no cloak)
rCorr    .         Harm     .   (no gloves)
MR       .....                  (no boots)
Stlth    +.........             (no amulet)
HPRegen  0.11/turn              (no ring)
MPRegen  0.08/turn              (no ring)

@: no status effects
A: retaliatory headbutt, horns 2
a: Request Jelly, Renounce Religion


You were on level 2 of the Dungeon.
You worshipped Jiyva.
Jiyva was aware of your devotion.
You were not hungry.

You visited 1 branch of the dungeon, and saw 2 of its levels.

You collected 80 gold pieces.

Inventory:

Hand Weapons
 d - a +0 short sword
 e - a +3 short sword (weapon)
 g - a +0 dagger
Missiles
 c - 49 stones (quivered)
Armour
 a - a +0 animal skin (worn)
Scrolls
 f - a scroll of remove curse {unknown}
 h - 2 scrolls of noise {unknown}
 i - 2 scrolls of enchant armour {unknown}
 k - a scroll of amnesia {unknown}
 l - a scroll of enchant weapon {unknown}
 m - a scroll of identify {unknown}
Potions
 j - a potion of curing {unknown}
 n - a potion of haste {unknown}
Comestibles
 b - a ration


   Skills:
 + Level 4.2 Fighting
 + Level 1.3 Throwing
 + Level 3.2 Armour
 - Level 2.2 Dodging
 - Level 3.3 Unarmed Combat


You had 2 spell levels left.
You didn't know any spells.
Your spell library was empty.

Dungeon Overview and Level Annotations

Branches:
Dungeon (2/15)

Altars:
Jiyva


Innate Abilities, Weirdness & Mutations

You reflexively headbutt those who attack you in melee.
You have a pair of horns on your head.


Message History

Unknown command.
Press: ? - help, v - describe, . - travel The floor, spattered with blood.
Unknown command.
Unknown command.
Press: ? - help, v - describe, . - travel
Here: a black bear (berserk, fast, unusually strong, durably summoned)
The floor. (m)acro, (M)acro raw, keymap [(k) default, (x) level-map, (t)argeting, (c)onfirm, m(e)nu], (s)ave?
Aborting.
What are your orders? t - Shout!
Orders for allies: a - Attack new target. r - Retreat! s - Stop attacking. g - Guard the area. f - Follow me.
Anything else - Cancel.
Follow me!
The black bear completely misses you. The black bear claws you.
* * * LOW HITPOINT WARNING * * *
The black bear barely misses you. The black bear bites you!
You die...

.>..#.#.###########
.####...#.........#
....#.###.........#
.#..#.###.........#.#
.#.##...............##
.#..####.######.##...#
.##.# #.# #.# ..#
.##.####.# #h##h..#
.##.#....#### #.@wh..#
.##...^.....# ####h..#
.##.........# ..#
.##.........# ...
.##........)# #..
.##.........# .
.############ <#
.#####


You could see a polar bear (berserk), 3 black bears and a worm.

Vanquished Creatures
  An ooze (D:1)
  2 dart slugs (D:1)
  A ball python (D:2)
  A bat skeleton (D:2)
  A bat zombie (D:2)
  A giant cockroach (D:1)
  3 goblins
  2 hobgoblins
  2 kobolds (D:1)
  4 bats
  5 frilled lizards (D:1)
  A giant cockroach zombie (D:2)
  A quokka zombie (D:2)
  A rat (D:2)
26 creatures vanquished.

Notes
Turn   | Place    | Note
-------+----------+-------------------------------------------
     0 | D:1      | AarnesTheHuman the Minotaur Berserker began the quest for
                  | the Orb.
     0 | D:1      | Reached XP level 1. HP: 19/19 MP: 0/0
   704 | D:1      | Reached XP level 2. HP: 18/27 MP: 1/1
  1183 | D:1      | Reached skill level 4 in Fighting
  1274 | D:1      | Reached skill level 1 in Throwing
  1691 | D:2      | Reached XP level 3. HP: 25/33 MP: 2/2
  1857 | D:2      | Found a faded altar of an unknown god.
  1866 | D:2      | Fell from the grace of Trog
  1866 | D:2      | Became a worshipper of Jiyva Jeiggox the Shapeless
  1866 | D:2      | Reached * piety under Jiyva
  2017 | D:2      | Noticed a black bear
  2017 | D:2      | Noticed a polar bear
  2017 | D:2      | Noticed a black bear
  2017 | D:2      | Noticed a black bear
  2019 | D:2      | Mangled by a black bear

Skill      XL: |  1  2 |
---------------+-------+-----
Fighting       | 4 |  4.2
Throwing       | 1 |  1.3
Armour         | 3 |  3.2
Dodging        | |  2.2
Unarmed Combat | |  3.3

Action                   || total
-------------------------++-------
Melee: Short sword       ||    49
       Headbutt          ||     9
       Unarmed           ||     1
  Eat: Chunk             ||     3
Armor: Animal skin       ||    14
Dodge: Dodged            ||    42
